 Dungeon Sprint DCSS version 0.25-a0-464-g3004169 (webtiles) character file.

Game seed: 7411111683248960842, levelgen mode: deterministic

31181 relicbr the Executioner (level 13, -7/223 HPs)
             Began as a Minotaur Berserker on Feb 3, 2020.
             Was the Champion of Trog.
             Mangled by Lom Lobon (15 damage)
             ... in the Dungeon (Sprint I: "Red Sonja").
             The game lasted 00:23:12 (6026 turns).

relicbr the Executioner (Minotaur Berserker)        Turns: 6026, Time: 00:23:14

Health: -7/223     AC: 29    Str: 30      XL:     13   Next: 24%
Magic:  5/19       EV: 13    Int:  4      God:    Trog [******]
Gold:   1583       SH:  0    Dex: 15 (16) Spells: 12/12 levels left

rFire    + . .     SeeInvis +   a - +3 battleaxe (flame)
rCold    + + .     Gourm    .   (shield currently unavailable)
rNeg     . . .     Faith    .   k - +1 gold dragon scales
rPois    +         Spirit   .   (helmet restricted)
rElec    +         Reflect  .   w - +1 cloak
rCorr    .         Harm     .   v - +1 pair of gloves {Dex+3}
MR       ++...     Rnd*Rage +   r - +0 pair of boots {Fly} Stlth ..........NoTele +
                                o - amulet of rage
HPRegen  1.47/turn              m - ring of Attitude {rElec rC+ MP+9 Str+3}
MPRegen  0.16/turn              t - ring of see invisible

@: berserking (expiring), flying, starving, regenerating, very quick
A: retaliatory headbutt, horns 2, rugged brown scales 1, berserk 1, blurry
vision 2, clumsy 1, deterioration 1, low mp 1, mutation resistance 1
a: Berserk, Trog's Hand, Brothers in Arms, Renounce Religion, Evoke Berserk
Rage, Stop Flying


You were in the Dungeon.
You worshipped Trog.
Trog was exalted by your worship.
You were starving.

You visited 1 branch You collected 5112 gold pieces.
You spent 3529 gold pieces at shops.

Inventory:

Hand Weapons
 a - a +3 battleaxe of flaming (weapon)
 b - a +6 vorpal executioner's axe
Missiles
 l - 5 curare-tipped darts (quivered)
Armour
 k - +1 gold dragon scales (worn)
 r - a +0 pair of boots of flying (worn)
 s - the +0 scale mail "Gogeuhe" {+Inv rPois Str+4}
   (You bought it in a shop in the Dungeon)

   It affects your strength (+4).
   It protects you from poison.
   It lets you turn invisible.
   If you switch to wearing this armour, your AC will fall 11 points (29 -> 18)
 v - a +1 pair of gloves of dexterity (worn)
 w - a +1 cloak (worn)
Jewellery
 m - the ring of Attitude (left hand) {rElec rC+ MP+9 Str+3}
   (You bought it in a shop in the Dungeon)

   [ring of protection from cold]

   It affects your strength (+3).
   It protects you from cold.
   It insulates you from electricity.
   It affects your magic capacity (+9).
 o - an amulet of rage (around neck)
 t - a ring of see invisible (right hand)
Wands
 d - a wand of flame (14)
 x - a wand of enslavement (7)
Scrolls
 i - 2 scrolls of blinking
 n - a scroll of amnesia {unknown}
 p - 5 scrolls of identify {unknown}
 u - a scroll of immolation {unknown}
Potions
 c - 5 potions of curing
 e - 6 potions of heal wounds
 f - 2 potions of haste
 g - 2 potions of magic
 h - a potion of berserk rage
Comestibles
 j - 5 rations


   Skills:
 + Level 22.2 Fighting
 + Level 24.8 Axes
 + Level 16.0 Armour
 + Level 12.4 Dodging
 - Level 2.7 Stealth


You had 12 spell levels left.
You didn't know any spells.
Your spell library was empty.

Dungeon Overview and Level Annotations

Branches:
Dungeon (1/1)

Altars:
Cheibriados
Dithmenos
Elyvilon
Fedhas
Gozag
Hepliaklqana
Kikubaaqudgha
Makhleb
Nemelex Xobeh
Okawaru
Qazlal
Ru
Sif Muna
Trog
Uskayaw
Vehumet
Wu Jian
Xom
Yredelemnul
Zin
The Shining One
Jiyva
Lugonu

Shops:
D **(([%[%*!**(**!}*([[

Annotations:
D Lom Lobon, Tiamat


Innate Abilities, Weirdness & Mutations

You reflexively headbutt those who attack you in melee.
You have a pair of horns on your head.
You are partially covered in rugged brown scales. (AC +1, +3% HP)
You tend to lose your temper in combat.
Scrolls take you longer to read.
You are clumsy. (Dex -2)
Your body sometimes deteriorates upon taking damage.
Your magical capacity is low. (-10% MP)
You are somewhat resistant to further mutation.


Message History

You closely miss Lom Lobon.
Lom Lobon is moderately wounded.
You are engulfed in freezing vapours.
You resist.
* * * LOW HITPOINT WARNING * * *
Unknown command.
You are too berserk!
You completely miss Lom Lobon. Your headbutt misses Lom Lobon.
Lom Lobon is moderately wounded.
You are engulfed in freezing vapours.
You resist.
* * * LOW HITPOINT WARNING * * *
Lom Lobon hits you but does no damage.
Unknown command.
You hit Lom Lobon but do no damage. You headbutt Lom Lobon.
Lom Lobon is moderately wounded.
You are engulfed in freezing vapours.
You resist.
Unknown command.
You miss Lom Lobon. Your headbutt misses Lom Lobon.
Lom Lobon is moderately wounded.
You are engulfed in freezing vapours.
You resist. Lom Lobon hits you!
You die...

...))))###,^..#≈≈≈≈≈#######*..$,*
...#####^^,,####≈≈≈≈#≈≈≈≈≈#°...,*
..##,^.°,,,,#..#'≈≈≈((≈.≈≈'○○°°,*
.##,,^...^^,#...##≈≈#≈≈(≈≈#≈≈≈○,#
.#,^,^○^.°,,#....######(#####≈○≈#
##****^°.○^,#....#≈≈○○≈≈≈≈≈≈##≈≈#
≈≈≈≈.*^°.○°°#######☼°○)≈≈≈≈≈≈≈≈≈#
#####*.°§°°°°°°#☼☼§°○°≈≈≈≈≈≈≈#≈≈#
.+,,,,.§§^°°#°°&@○#........≈≈≈#≈*
##****#####*###################**


You could see Lom Lobon.

Vanquished Creatures
  the Lernaean hydra (D)
  A deep elf master archer (D)
  4 fire giants (D)
  A lorocyproca (D)
  A deep elf annihilator (D)
  A mummy priest (D)
  A hydra (D)
  2 centaur warriors (D)
  Sonja (D)
  A deep troll (D)
  7 unseen horrors (D)
  A lindwurm (D)
  8 shining eyes (D)
  2 oklob plants (D)
  2 merfolk sirens (D)
  A gargoyle (D)
  4 demonic crawlers (D)
  2 kobold demonologists (D)
  A hellwing (D)
  5 hornets (D)
  A slime creature (D)
  Sigmund (D)
  2 redbacks (D)
  A yak (D)
  13 hogs (D)
  7 floating eyes (D)
  7 necrophages (D)
  An ogre (D)
  8 jellies (D)
  Ijyb (D)
  4 ball lightnings (D)
93 creatures vanquished.

Vanquished Creatures (others)
  A gargoyle (D)
  10 ball lightnings (D)
  2 ballistomycete spores (D)
13 creatures vanquished.

Grand Total: 106 creatures vanquished

Notes
Turn   | Place    | Note
-------+----------+-------------------------------------------
     0 | D        | relicbr the Minotaur Berserker began the quest for the Orb.
     0 | D        | Reached XP level 1. HP: 19/19 MP: 0/0
     2 | D        | Noticed Ijyb
     5 | D        | Killed Ijyb
     5 | D        | Reached skill level 5 in Fighting
     5 | D        | Reached skill level 5 in Axes
     5 | D        | Reached XP level 2. HP: 29/29 MP: 1/1
    47 | D        | Noticed an ogre
    51 | D        | Killed an ogre
    51 | D        | Reached skill level 8 in Axes
    51 | D        | Reached XP level 3. HP: 40/40 MP: 2/2
    51 | D        | Reached XP level 4. HP: 48/48 MP: 3/3
   105 | D        | Noticed Sigmund
   111 | D        | Killed Sigmund
   111 | D        | Reached ** piety under Trog
   111 | D        | Reached skill level 10 in Axes
   111 | D        | Reached skill level 5 in Armour
   111 | D        | Reached skill level 5 in Dodging
   111 | D        | Reached XP level 5. HP: 58/58 MP: 4/4
   111 | D        | Reached XP level 6. HP: 66/66 MP: 5/5
   171 | D        | Found an ornate altar of the Wu Jian Council.
   171 | D        | Found a shimmering blue altar of Sif Muna.
   173 | D        | Found a radiant altar of Vehumet.
   179 | D        | Reached skill level 10 in Fighting
   199 | D        | Found Wumas's Weapon Emporium.
   199 | D        | Found an ancient bone altar of Kikubaaqudgha.
   199 | D        | Found a hazy altar of Hepliaklqana.
   199 | D        | Found a stormy altar of Qazlal.
   199 | D        | Found a hide-covered altar of Uskayaw.
   199 | D        | Found a blossoming altar of Fedhas.
   199 | D        | Found a bloodstained altar of Trog.
   199 | D        | Found an iron altar of Okawaru.
   199 | D        | Found a basalt altar of Yredelemnul.
   199 | D        | Found a glowing golden altar of the Shining One.
   199 | D        | Found a snail-covered altar of Cheibriados.
   199 | D        | Found a sacrificial altar of Ru.
   199 | D        | Found a glowing silver altar of Zin.
   199 | D        | Found a shadowy altar of Dithmenos.
   199 | D        | Found a white marble altar of Elyvilon.
   199 | D        | Noticed a yak
   205 | D        | Killed a yak
   205 | D        | Reached skill level 11 in Axes
   206 | D        | Found an opulent altar of Gozag.
   290 | D        | Found a sparkling altar of Nemelex Xobeh.
   303 | D        | Noticed Sonja
   320 | D        | Killed Sonja
   320 | D        | Reached *** piety under Trog
   320 | D        | Reached skill level 13 in Axes
   320 | D        | Reached XP level 7. HP: 31/78 MP: 6/6
   320 | D        | Reached XP level 8. HP: 33/85 MP: 7/7
   572 | D        | Found a burning altar of Makhleb.
   572 | D        | Found a viscous altar of Jiyva.
   572 | D        | Found a shimmering altar of Xom.
   572 | D        | Found a corrupted altar of Lugonu.
   572 | D        | Noticed a slime creature
   578 | D        | Killed a slime creature
   623 | D        | Noticed a centaur warrior
   642 | D        | Noticed a kobold demonologist
   642 | D        | Noticed a kobold demonologist
   643 | D        | Paralysed by a floating eye for 3 turns
   646 | D        | Reached skill level 14 in Axes
   651 | D        | Killed a kobold demonologist
   651 | D        | Reached **** piety under Trog
   651 | D        | Reached skill level 1 in Stealth
   656 | D        | Killed a kobold demonologist
   806 | D        | Noticed a demonic crawler
   806 | D        | Noticed a demonic crawler
   806 | D        | Noticed a demonic crawler
   806 | D        | Noticed a demonic crawler
   811 | D        | Killed a demonic crawler
   811 | D        | Reached ***** piety under Trog
   811 | D        | Received a gift from Trog
   811 | D        | Reached skill level 15 in Axes
   811 | D        | Reached XP level 9. HP: 96/96 MP: 8/8
   814 | D        | Killed a demonic crawler
   819 | D        | Killed a demonic crawler
   819 | D        | Reached skill level 15 in Fighting
   823 | D        | Killed a demonic crawler
   823 | D        | Reached skill level 16 in Axes
  1088 | D        | Noticed a gargoyle
  1101 | D        | Killed a gargoyle
  1288 | D        | Noticed a lindwurm
  1292 | D        | Killed a lindwurm
  1292 | D        | Reached skill level 10 in Dodging
  1346 | D        | Received a gift from Trog
  1349 | D        | Reached XP level 10. HP: 76/107 MP: 9/9
  1350 | D        | Reached skill level 17 in Axes
  1364 | D        | Received a gift from Trog
  1544 | D        | Killed a gargoyle
  1582 | D        | Noticed a daeva
  1634 | D        | Noticed a deep troll
  1639 | D        | Killed a deep troll
  1639 | D        | Received a gift from Trog
  1639 | D        | Reached skill level 18 in Axes
  1699 | D        | Found Ammarepten's Armour Emporium.
  1706 | D        | Bought a +0 pair of gloves for 45 gold pieces
  1706 | D        | Bought a +0 pair of boots of flying for 115 gold pieces
  1706 | D        | Bought the cursed +0 scale mail "Gogeuhe" {+Inv rPois
                  | Str+4} for 276 gold pieces
  1784 | D        | Found Opnov's Assorted Antiques.
  1792 | D        | Bought a steaming pewter ring for 150 gold pieces
  1792 | D        | Bought a large emerald ring for 150 gold pieces
  1792 | D        | Identified the ring of Attitude {rElec rC+ MP+9 Str+3} (You
                  | bought it in a shop in the Dungeon)
  1825 | D        | Noticed a centaur warrior
  1829 | D        | Killed a centaur warrior
  1832 | D        | Killed a centaur warrior
  1869 | D        | Noticed an oklob plant
  1875 | D        | Killed an oklob plant
  1875 | D        | Reached skill level 19 in Axes
  1875 | D        | Reached XP level 11. HP: 60/119 MP: 10/10
  2106 | D        | Noticed an unseen horror
  2106 | D        | Noticed an unseen horror
  2110 | D        | Killed an unseen horror
  2110 | D        | Received a gift from Trog
  2110 | D        | Killed an unseen horror
  2132 | D        | Received a gift from Trog
  2147 | D        | Received a gift from Trog
  2157 | D        | Reached skill level 20 in Axes
  2229 | D        | Noticed a lorocyproca
  2234 | D        | Killed a lorocyproca
  2899 | D        | Noticed a shining eye
  2899 | D        | Noticed a shining eye
  2899 | D        | Noticed a shining eye
  2899 | D        | Noticed a shining eye
  2899 | D        | Noticed a shining eye
  2899 | D        | Noticed a shining eye
  2900 | D        | Gained mutation: Your magical capacity is low. (-10% MP) [a
                  | shining eye]
  2901 | D        | Paralysed by a floating eye for 3 turns
  2902 | D        | Gained mutation: You tend to lose your temper in combat. [a
                  | shining eye]
  2903 | D        | Gained mutation: You are clumsy. (Dex -2) [a shining eye]
  2905 | D        | Killed a shining eye
  2905 | D        | Gained mutation: You are partially covered in rugged brown
                  | scales. (AC +1, +3% HP) [a shining eye]
  2907 | D        | Received a gift from Trog
  2907 | D        | Reached ****** piety under Trog
  2909 | D        | Killed a shining eye
  2909 | D        | Reached skill level 10 in Armour
  2909 | D        | Killed a shining eye
  2911 | D        | Killed a shining eye
  2911 | D        | Reached skill level 21 in Axes
  2912 | D        | Gained mutation: Your magical capacity is very low. (-20%
                  | MP) [a shining eye]
  2913 | D        | Killed a shining eye
  2914 | D        | Gained mutation: Armour fits poorly on your strangely
                  | shaped body. [a shining eye]
  2915 | D        | Killed a shining eye
  2983 | D        | Noticed a shining eye
  2983 | D        | Noticed a shining eye
  2984 | D        | Gained mutation: You are frail. (-10% HP) [a shining eye]
  2985 | D        | Paralysed by a floating eye for 4 turns
  2985 | D        | Gained mutation: You are weak. (Str -2) [a shining eye]
  2988 | D        | Gained mutation: Scrolls take you a little longer to read.
                  | [a shining eye]
  2989 | D        | Received a gift from Trog
  2989 | D        | Lost mutation: You are weak. (Str -2) [a shining eye]
  2990 | D        | Killed a shining eye
  2991 | D        | Gained mutation: You are weak. (Str -2) [a shining eye]
  2995 | D        | Killed a shining eye
  3019 | D        | Found Ypnal's Antique Armour Shop.
  3019 | D        | Found Ogeel's General Store.
  3019 | D        | Found Foavud's Food Boutique.
  3019 | D        | Found Ogaiboid's Antique Weapon Emporium.
  3026 | D        | Bought a ration for 50 gold pieces
  3026 | D        | Bought a ration for 50 gold pieces
  3026 | D        | Bought a ration for 50 gold pieces
  3026 | D        | Bought a ration for 50 gold pieces
  3026 | D        | Bought a ration for 50 gold pieces
  3026 | D        | Bought a ration for 50 gold pieces
  3035 | D        | Bought a scroll of magic mapping for 45 gold pieces
  3035 | D        | Bought a scroll of remove curse for 39 gold pieces
  3097 | D        | Found Mutuw's Food Shoppe.
  3097 | D        | Found Nifyz's Armour Shop.
  3097 | D        | Found Lapripn's General Store.
  3099 | D        | Found Vuyme's Distillery.
  3099 | D        | Found Hybb's General Store.
  3099 | D        | Found Podwicwu's Assorted Antiques.
  3099 | D        | Found Areticw's Weapon Boutique.
  3099 | D        | Found Koamoh's General Store.
  3099 | D        | Found Sysuy's General Store.
  3099 | D        | Found Iruw's Distillery.
  3101 | D        | Found Faitasa's Gadget Boutique.
  3102 | D        | Bought a potion of heal wounds for 55 gold pieces
  3102 | D        | Bought a potion of curing for 33 gold pieces
  3102 | D        | Found Fuyhaemi's Antique Weapon Emporium.
  3102 | D        | Found Oczote's General Store.
  3103 | D        | Found Goiseelu's Antique Armour Emporium.
  3127 | D        | Bought +1 gold dragon scales for 957 gold pieces
  3151 | D        | Bought a pair of scorched gloves for 237 gold pieces
  3161 | D        | Identified the +1 pair of gloves "Zarack" {-Tele +Inv rN+
                  | Str+3} (You bought it in a shop in the Dungeon)
  3162 | D        | Bought a +1 pair of gloves of dexterity for 214 gold pieces
  3182 | D        | Bought a +1 cloak for 126 gold pieces
  3850 | D        | Bought a potion of mutation for 88 gold pieces
  3855 | D        | Bought a potion of mutation for 96 gold pieces
  3855 | D        | Lost mutation: Your magical capacity is very low. (-20% MP)
                  | [potion of mutation]
  3855 | D        | Lost mutation: You are frail. (-10% HP) [potion of
                  | mutation]
  3855 | D        | Gained mutation: Scrolls take you longer to read. [potion
                  | of mutation]
  3855 | D        | Gained mutation: Your spells are a little harder to cast,
                  | but a little more powerful. [potion of mutation]
  3856 | D        | Lost mutation: Your spells are a little harder to cast, but
                  | a little more powerful. [potion of mutation]
  3856 | D        | Lost mutation: You are weak. (Str -2) [potion of mutation]
  3856 | D        | Lost mutation: Armour fits poorly on your strangely shaped
                  | body. [potion of mutation]
  3856 | D        | Gained mutation: Your body sometimes deteriorates upon
                  | taking damage. [potion of mutation]
  3856 | D        | Gained mutation: You are somewhat resistant to further
                  | mutation. [potion of mutation]
  3859 | D        | Bought a potion of heal wounds for 60 gold pieces
  3859 | D        | Bought a potion of heal wounds for 60 gold pieces
  3859 | D        | Bought a potion of curing for 36 gold pieces
  3859 | D        | Bought a potion of heal wounds for 60 gold pieces
  3859 | D        | Bought a potion of heal wounds for 60 gold pieces
  3859 | D        | Bought a potion of curing for 36 gold pieces
  3860 | D        | Bought a potion of heal wounds for 60 gold pieces
  3863 | D        | Bought 2 potions of curing for 126 gold pieces
  3863 | D        | Bought a lumpy copper amulet for 105 gold pieces
  3933 | D        | Noticed a 12-headed hydra
  3936 | D        | Paralysed by a floating eye for 3 turns
  3940 | D        | Killed an eight-headed hydra
  4232 | D        | Noticed an unseen horror
  4232 | D        | Noticed an unseen horror
  4232 | D        | Noticed an unseen horror
  4232 | D        | Noticed an unseen horror
  4235 | D        | Killed an unseen horror
  4235 | D        | Received a gift from Trog
  4235 | D        | Reached skill level 22 in Axes
  4235 | D        | Reached XP level 12. HP: 134/135 MP: 9/9
  4759 | D        | Noticed a fire giant
  4762 | D        | Noticed a fire giant
  4762 | D        | Noticed a fire giant
  4763 | D        | Noticed a fire giant
  4772 | D        | Killed a fire giant
  4772 | D        | Received a gift from Trog
  4773 | D        | Killed a fire giant
  4777 | D        | Killed a fire giant
  4777 | D        | Reached skill level 23 in Axes
  4780 | D        | Killed a fire giant
  4780 | D        | Received a gift from Trog
  5051 | D        | Identified the +4 dragonskin cloak
  5051 | D        | Noticed Tiamat
  5190 | D        | Noticed a deep elf annihilator
  5206 | D        | Received a gift from Trog
  5212 | D        | Noticed a mummy priest
  5217 | D        | Killed a deep elf annihilator
  5217 | D        | Received a gift from Trog
  5407 | D        | Killed a mummy priest
  5421 | D        | Identified the Almanac of Calling and Weightlessness
  5524 | D        | Noticed the 27-headed Lernaean hydra
  5533 | D        | Killed the 24-headed Lernaean hydra
  5533 | D        | Reached skill level 24 in Axes
  5533 | D        | Reached skill level 15 in Armour
  5533 | D        | Reached XP level 13. HP: 149/149 MP: 10/10
  5638 | D        | Noticed a deep elf master archer
  5672 | D        | Killed a deep elf master archer
  5999 | D        | Noticed Lom Lobon
  6018 | D        | Received a gift from Trog
  6020 | D        | HP: 10/223 [Lom Lobon] (2)]
  6026 | D        | Mangled by Lom Lobon

Levels and vault maps discovered:
D:        dungeon_sprint_1 [red_sonja_temple_1, red_sonja_temple_small_1]

Skill      XL: |  1  2  3  4  5  6  7  8  9 10 11 12 13 |
---------------+----------------------------------------+-----
Fighting       | 5 7 9 12 14 16 18 20 22 | 22.2
Axes           | 5 8 10 13 15 16 19 22 24 | 24.8
Armour         | 3 4 5 6 7 8 9 10 15 16 | 16.0
Dodging        | 3 4 5 7 8 10 11 12 | 12.4
Stealth        | 1 2 |  2.7

Action                   |  1- 3 |  4- 6 |  7- 9 | 10-12 | 13-15 || total
-------------------------+-------+-------+-------+-------+-------++-------
Melee: Hand axe          |     4 |    21 |    31 |       |       ||    56
       Headbutt          |     2 |     5 |    17 |    42 |     6 ||    72
       Broad axe         |       |       |    22 |    22 |       ||    44
       Battleaxe         |       |       |       |    83 |    24 ||   107
       Executioner's axe |       |       |       |    42 |       ||    42
Invok: Berserk           |     2 |     3 |     5 |     4 |     1 ||    15
       Trog's Hand       |       |       |       |     2 |     1 ||     3
  Use: Potion            |       |     1 |       |     5 |     2 ||     8
       Scroll            |       |       |       |     2 |       ||     2
 Stab: Distracted        |       |       |       |       |     1 ||     1
  Eat: Chunk             |       |     1 |     3 |     7 |       ||    11
       Ration            |       |       |     2 |     3 |       ||     5
Armor: Leather armour    |       |     1 |     3 |       |       ||     4
       Scale mail        |       |       |       |     8 |       ||     8
       Gold dragon scale |       |       |       |   101 |    12 ||   113
Dodge: Dodged            |     1 |    15 |    24 |    73 |     4 ||   117

Table legend:
 A = Non-vault XP
 B = Vault XP
 C = Vault XP percentage of total XP
 D = Non-vault monster count
 E = Vault monster count
 F = Vault count percentage of total count
                 A         B        C        D         E       F
            +---------+---------+-------+---------+---------+-------
      Total |      16 |   44529 | 100.0 |       4 |      89 |  95.7
            +---------+---------+-------+---------+---------+-------
          D |      16 |   44529 | 100.0 |       4 |      89 |  95.7
            +---------+---------+-------+---------+---------+-------
